 Dungeon Crawl Stone Soup version 0.31-a0-844-gdc52ec4e09 (webtiles) character file.

Game seed: 6057102230939486732

158 senseless the Ruffian (level 5, -6/44 HPs)
             Began as a Draconian Shapeshifter on Sept 28, 2023.
             Killed from afar by Ijyb (18 damage)
             ... with a bolt of acid
             ... on level 3 of the Dungeon.
             The game lasted 00:03:57 (1706 turns).

senseless the Ruffian (Draconian Shapeshifter)      Turns: 1706, Time: 00:03:58

Health: -6/44      AC:  1    Str: 25    XL:     5   Next: 16%
Magic:  5/5        EV: 12    Int: 10    God:
Gold:   40         SH:  0    Dex: 10    Spells: 4/4 levels left

rFire   . .          .
                       - Unarmed
rCold   . . .        (no shield)
rNeg    + . .        (body armour unavailable)
rPois   .            (helmet currently unavailable)
rElec   .            (cloak currently unavailable)
rCorr   .            (gloves currently unavailable)
SInv    .            (boots currently unavailable)
Will    .....        (no amulet)
Stlth   +            h - +6 ring of strength
HPRegen 0.27/turn    j - ring of positive energy
MPRegen 0.09/turn

%: no passive effects
@: beast-form, weak-willed, corroded
A: beast (slay +2), AC +5, unfitting armour, cold-blooded
a: Begin Untransformation


You were on level 3 of the Dungeon.
You were a hulking beast.
You visited 1 branch of the dungeon, and saw 3 of its levels.

You collected 76 gold pieces.
You spent 36 gold pieces at shops.

Inventory:

Armour
 d - a scarf of resistance
 n - a +0 cloak
Jewellery
 h - a +6 ring of strength (left hand)
 j - a ring of positive energy (right hand)
 x - a ring of positive energy
Talismans
 b - a beast talisman (active)
 c - a flux talisman
 u - a blade talisman
Scrolls
 f - a scroll of brand weapon
Potions
 a - a potion of lignification
 i - a potion of brilliance {unknown}
 k - a potion of berserk rage {unknown}
 m - a potion of attraction {unknown}
 o - a potion of ambrosia {unknown}
 p - a potion of heal wounds {unknown}
 r - 2 potions of magic
 t - a potion of curing
 v - a potion of might {unknown}


   Skills:
 + Level 2.8 Fighting
 + Level 2.8 Dodging
 + Level 3.9 Unarmed Combat
 + Level 3.7 Shapeshifting


You had 4 spell levels left.
You didn't know any spells.
Your spell library contained the following spells:

 Spells                   Type           Power      Damage    Failure   Level
 Apportation              Tloc           0%         N/A       36%         1
 Necrotise                Necr           0%         1d4       36%         1
 Summon Small Mammal      Summ           0%         N/A       36%         1
 Call Canine Familiar     Summ           0%         N/A       75%         3
 Gell's Gravitas          Tloc           0%         N/A       75%         3
 Summon Guardian Golem    Hex/Summ       0%         N/A       75%         3
 Teleport Other           Tloc           0%         N/A       75%         3
 Dispersal                Tloc           0%         N/A       100%        6


Dungeon Overview and Level Annotations

Branches:
Dungeon (3/15)

Altars:

Shops:
D:2 *

Annotations:
D:3 Ijyb


Innate Abilities, Weirdness & Mutations

You are a hulking beast.
Your limbs bulge with bestial killing power. (Slay +2)
Your plain brown scales are hard. (AC +5)
You cannot fit into any form of body armour.
You are cold-blooded and may be slowed by cold attacks.


Message History

The jackal misses you.
You hear a shout!
A jackal is nearby!
You hit the jackal.
The jackal is severely wounded.
The jackal bites you.
You punch the jackal!
You kill the jackal!
No target in view!
No target in view!
No target in view!
No target in view!
No target in view!
No target in view!
No target in view!
No target in view!
No target in view!
Ijyb the Twisted Goblin comes into view.
She is wielding a +0 dagger and carrying a wand of acid.
Ijyb zaps a wand.
The bolt of acid hits you!!
* * * LOW HITPOINT WARNING * * *
The acid corrodes you!
You are too injured to fight recklessly!
You are too injured to fight recklessly!
You are too injured to fight recklessly!
You are too injured to fight recklessly!
You are too injured to fight recklessly!
You are too injured to fight recklessly!
You are too injured to fight recklessly!
You are too injured to fight recklessly!
You are too injured to fight recklessly!
You are too injured to fight recklessly!
You are too injured to fight recklessly!
You are too injured to fight recklessly!
You are too injured to fight recklessly!
You are too injured to fight recklessly!
There is a stone staircase leading up here.
Things that are here:
a scroll of vulnerability; a scroll of torment Ijyb zaps a wand.
The bolt of acid hits you!!
You die...

## #.##
#h##
##.#
#..#
#...g
§.#§#.#
..#.#
.. #..#
# ##
#...
....


You could see Ijyb.

Vanquished Creatures
  Natasha (thrice) (D:2)
  Robin (D:2)
  2 adders (D:2)
  A dart slug (D:2)
  4 ball pythons (D:2)
  An endoplasm (D:2)
  A giant cockroach (D:1)
  15 goblins
  7 hobgoblins
  4 jackals
  A kobold (D:1)
  A quokka (D:1)
  5 bats
  3 frilled lizards
  3 rats
52 creatures vanquished.

Notes
Turn   | Place    | Note
-------+----------+-------------------------------------------
     0 | D:1      | senseless the Draconian Shapeshifter began the quest for
                  | the Orb.
     0 | D:1      | Reached XP level 1. HP: 16/16 MP: 1/1
   223 | D:1      | Reached XP level 2. HP: 23/23 MP: 2/2
   529 | D:1      | You fall into a shaft and drop 1 floor!
   585 | D:2      | Noticed Natasha
   591 | D:2      | Killed Natasha
   592 | D:2      | Reached XP level 3. HP: 23/29 MP: 3/3
   782 | D:2      | Reached XP level 4. HP: 36/36 MP: 4/4
   820 | D:2      | Found Nyoj's General Store.
   876 | D:2      | Bought a potion of curing for 36 gold pieces
   918 | D:2      | Noticed Robin
   952 | D:2      | Killed Robin
  1176 | D:2      | Noticed Natasha
  1183 | D:2      | Killed Natasha
  1284 | D:2      | Noticed Natasha
  1296 | D:2      | Killed Natasha
  1297 | D:2      | Reached XP level 5. HP: 37/44 MP: 5/5
  1704 | D:3      | Noticed Ijyb
  1706 | D:3      | Killed from afar by Ijyb

Illustrated notes

Levels and vault maps discovered:
D:1:      dpeg_arrival_orchard, layout_basic, hangedman_decor_push
D:2:      layout_basic, serial_shops, shop, uniq_natasha, uniq_robin
D:3:      layout_loops_ring, dilly_guarded_unrand_morg, uniq_ijyb, uniq_terence,
          uniq_grinder

Skill      XL: |  1  2 |
---------------+-------+-----
Dodging        | 2 |  2.8
Fighting       | 2 |  2.8
Unarmed Combat | |  3.9
Shapeshifting  | |  3.7

Action                     |  1- 3 |  4- 6 || total
---------------------------+-------+-------++-------
  Melee: Unarmed           |    71 |    66 ||   137
         Tailslap          |     4 |     6 ||    10
         Punch             |     1 |       ||     1
    Use: Scroll            |       |     7 ||     7
   Stab: Sleeping          |     1 |       ||     1
 Armour: Skin              |    29 |    47 ||    76
  Dodge: Dodged            |    45 |    29 ||    74

Table legend: (Time is in decaauts)
 A = Elapsed time spent in this place.
 B = Non-inter-level travel time spent in this place.
 C = Inter-level travel time spent in this place.
 D = Time resting spent in this place.
 E = Time spent auto-exploring this place.
 F = Levels seen in this place.
 G = Mean time per level.
                   A        B        C        D        E       F      G
               +--------+--------+--------+--------+--------+-----+--------+
         Total |   1714 |   1641 |     73 |      0 |   1321 |   3 |  571.3 |
       Dungeon |   1714 |   1641 |     73 |      0 |   1321 |   3 |  571.3 |
               +--------+--------+--------+--------+--------+-----+--------+

Top non-repeatable levels by time:
     D:2: 857 daAuts
     D:1: 829 daAuts
     D:3: 27 daAuts
